 Dungeon Crawl Stone Soup version 0.28.0-49-g6dfe1f597d (webtiles) character file.

Game seed: 17557526356540950054

560 Atelerd the Digger (level 7, -4/42 HPs)
             Began as an Octopode Earth Elementalist on May 13, 2022.
             Was a Follower of Sif Muna.
             Shot with an arrow by a centaur (13 damage)
             ... on level 5 of the Dungeon.
             The game lasted 00:05:54 (5477 turns).

Atelerd the Digger (Octopode Earth Elementalist)    Turns: 5477, Time: 00:05:55

Health: -4/42      AC:  1    Str:  7    XL:     7   Next: 31%
Magic:  10/13      EV: 13    Int: 20    God:    Sif Muna [*.....]
Gold:   217        SH:  0    Dex: 18    Spells: 8/15 levels left

rFire   . . .      SeeInvis +   q - +4 dagger (freeze)
rCold   . . .      Faith    .   (no shield)
rNeg    . . .      Spirit   .   (helmet restricted)
rPois   +          Reflect  .   (no amulet)
rElec   .          Harm     .   d - ring of poison resistance
rCorr   .          Rampage  .   f - ring of see invisible
Will    .....                   g - +6 ring of dexterity
Stlth   ++++......              (no ring)
HPRegen 0.14/turn               (no ring)
MPRegen 0.13/turn               (no ring)
                                (no ring)
                                (no ring)

@: attractive, flying, invisible
A: almost no armour, amphibious, 8 rings, camouflage 1, gelatinous body 1,
(nimble swimmer 1), tentacles
a: Renounce Religion, Channel Magic


You were on level 5 of the Dungeon.
You worshipped Sif Muna.
Sif Muna was aware of your devotion.
You visited 2 branches of the dungeon, and saw 6 of its levels.

You collected 217 gold pieces.

Inventory:

Hand Weapons
 c - a +0 dagger
 q - a +4 dagger of freezing (weapon)
Missiles
 b - 79 stones
Jewellery
 d - a ring of poison resistance (left tentacle)
 f - a ring of see invisible (right tentacle)
 g - a +6 ring of dexterity (on tentacle)
Scrolls
 a - 6 scrolls of magic mapping {unknown}
 h - a scroll of enchant weapon {unknown}
 i - 2 scrolls of identify {unknown}
 l - a scroll of fear {unknown}
 m - 2 scrolls of immolation {unknown}
 p - 3 scrolls of teleportation {unknown}
 r - a scroll of fog {unknown}
 s - a scroll of torment {unknown}
 u - a scroll of holy word {unknown}
 v - a scroll of noise {unknown}
Potions
 e - a potion of lignification {unknown}
 j - a potion of mutation {unknown}
 k - a potion of flight
 n - 2 potions of invisibility
 o - a potion of attraction
 t - a potion of heal wounds {unknown}
 w - a potion of ambrosia {unknown}
 x - a potion of curing {unknown}


   Skills:
 + Level 0.9 Fighting
 + Level 1.2 Short Blades
 - Level 2.0 Dodging
 + Level 4.3 Stealth
 + Level 0.1 Unarmed Combat
 + Level 4.5 Spellcasting
 - Level 1.0 Translocations
 * Level 2.8 Transmutations
 - Level 5.0 Earth Magic


You had 8 spell levels left.
You knew the following spells:

 Your Spells              Type           Power      Damage    Failure   Level
a - Sandblast             Erth           48%        2d12      1%          1
c - Blink                 Tloc           16%        N/A       12%         2
p - Petrify               Tmut/Erth      20%        N/A       24%         4

Your spell library contained the following spells:

 Spells                   Type           Power      Damage    Failure   Level
 Passwall                 Tmut/Erth      16%        N/A       3%          2
 Sting                    Tmut/Pois      40%        1d5       7%          1
 Stone Arrow              Conj/Erth      28%        3d8       13%         3
 Manifold Assault         Tloc           8%         N/A       92%         5
 Death Channel            Necr           2%         N/A       100%        6
 Storm Form               Tmut/Air       5%         N/A       100%        7
 Borgnjor's Revivificati  Necr           2%         N/A       100%        8


Dungeon Overview and Level Annotations

Branches:
Dungeon (5/15)             Temple (1/1) D:4

Altars:
Gozag
Kikubaaqudgha
Okawaru
Ru
Sif Muna
Uskayaw
Xom
Yredelemnul
Zin
The Shining One

Annotations:
D:4 exclusion: 2 downstairs
D:5 1 runed translucent door, Menkaure; gabibbone's ghost, amateur DDEE


Innate Abilities, Weirdness & Mutations

You cannot wear most types of armour.
You are amphibious.
You can wear up to eight rings at the same time.
Your skin changes colour to match your surroundings (Stealth+).
Your rubbery body absorbs attacks. (AC +1, EV +1)
((You are camouflaged when in or above water. (Stealth+)))
You have tentacles for arms and can constrict up to eight enemies at once.


Message History

Level annotation: 1 runed translucent door, Menkaure; gabibbone's ghost, amateur DDEE
There is a stone staircase leading up here.
The gnoll shouts!
There are monsters nearby!
There are monsters nearby!
The centaur shoots an arrow.
The arrow hits you.
The centaur shoots an arrow.
The arrow closely misses you.
You start resting.
A gnoll is nearby!
You can't see any susceptible monsters within range! (Use Z to cast anyway.)
The blast of sand hits the gnoll!
The gnoll is severely wounded.
The blast of sand hits the gnoll!
You kill the gnoll!
Sif Muna accepts your kill.
The centaur shoots an arrow.
The arrow barely misses you.
The centaur shoots an arrow.
The arrow barely misses you.
The centaur shoots an arrow.
The arrow hits you!
The blast of sand misses the centaur.
The centaur shoots an arrow.
The arrow hits you!
You are too injured to fight recklessly!
Casting: Sandblast (safe; 1% risk of failure)
Confirm with . or Enter, or press ? or * to list all spells.
The spell is quite dangerous to miscast (24% risk of failure)!
Continue anyway?
Okay, then.
You aren't carrying any items that you can evoke.
Okay, then.
Okay, then.
It was a potion of invisibility.
You fade into invisibility!
The centaur shoots an arrow.
The arrow hits you!
* * * LOW HITPOINT WARNING * * *
The centaur shoots an arrow.
The arrow closely misses you.
It was a potion of flight.
You feel very buoyant.
You fly up into the air.
It was a potion of attraction.
You feel attractive to monsters.
The centaur shoots an arrow.
The arrow hits you!
You die...

......##..###### #..........#
....####.....).######..........#
.#)#...#.#####.................#
##.#...#.## #######...........#
##M#...#..### #.........).#
.......#....# ###........##
............# ###.........##
............# #####............#
..g......######.@...#..........#
.........#####.)#####..<.......#
..<......##...c### #..........#
#.#.###...#......## #..........#
#.#.###.#.........####........##
#.#..##.#..........# ##......##
#.#.g...#..........# ###.####
.......##..........# #..#
.........<.........# ##.#


You could see a centaur.

Vanquished Creatures
  An ogre (D:4)
  A phantom (D:4)
  A scorpion (D:4)
  A water moccasin skeleton (D:4)
  A hound (D:5)
  A centaur skeleton (D:4)
  A scorpion zombie (D:5)
  A hound zombie (D:5)
  3 gnolls (D:5)
  3 adders
  A shadow imp (D:5)
  2 ufetubi (D:4)
  An adder zombie (D:5)
  An adder skeleton (D:4)
  A worm (D:4)
  5 dart slugs
  7 orcs
  4 bats
  8 endoplasms
  4 giant cockroaches
  14 goblins
  8 hobgoblins
  4 jackals
  8 quokkas
  6 ball pythons
  3 frilled lizards (D:1)
  7 kobolds
  6 rats
104 creatures vanquished.

Vanquished Creatures (others)
  6 plants (D:2)
6 creatures vanquished.

Grand Total: 110 creatures vanquished

Notes
Turn   | Place    | Note
-------+----------+-------------------------------------------
     0 | D:1      | Atelerd the Octopode Earth Elementalist began the quest for
                  | the Orb.
     0 | D:1      | Reached XP level 1. HP: 11/11 MP: 3/3
   243 | D:1      | Reached XP level 2. HP: 17/17 MP: 3/5
  1005 | D:1      | Reached XP level 3. HP: 21/21 MP: 4/6
  1431 | D:1      | Got Ywkecs's Reference Book on Ghastly Shape Shifting
  1736 | D:2      | Reached skill level 4 in Earth Magic
  1915 | D:2      | Learned a level 2 spell: Blink
  2012 | D:2      | Found a glowing golden altar of the Shining One.
  2019 | D:2      | Reached XP level 4. HP: 25/27 MP: 4/7
  2284 | D:2      | Found a faded altar of an unknown god.
  2974 | D:3      | Identified the +1 mace "Pimerr" {venom, Str+4 Int+4}
  3094 | D:3      | Learned a level 4 spell: Petrify
  3220 | D:3      | Found a shimmering altar of Xom.
  3380 | D:4      | Found a staircase to the Ecumenical Temple.
  3406 | D:4      | Found an iron altar of Okawaru.
  3418 | Temple   | Entered the Ecumenical Temple
  3540 | Temple   | Became a worshipper of Sif Muna the Loreminder
  3588 | D:4      | Noticed a phantom
  3599 | D:4      | Killed a phantom
  3600 | D:4      | Reached XP level 5. HP: 31/31 MP: 3/9
  3692 | D:4      | Reached skill level 1 in Translocations
  3692 | D:4      | Reached XP level 6. HP: 36/37 MP: 7/11
  3730 | D:4      | Reached skill level 1 in Short Blades
  4230 | D:4      | Reached skill level 5 in Earth Magic
  4529 | D:4      | Reached XP level 7. HP: 40/42 MP: 10/13
  4707 | D:5      | Entered Level 5 of the Dungeon
  4707 | D:5      | Found a runed translucent door.
  4716 | D:5      | Reached * piety under Sif Muna
  4790 | D:5      | Noticed gabibbone's ghost (amateur DDEE)
  4829 | D:5      | Found a basalt altar of Yredelemnul.
  5003 | D:5      | Noticed Menkaure
  5477 | D:5      | Shot with an arrow by a centaur

Illustrated notes

Levels and vault maps discovered:
D:1:      dpeg_arrival_morbid_curiosity, layout_basic, corner_web_ring,
          minmay_tiny_reverse_x
D:2:      minmay_evil_eye, layout_basic, basic_altar,
          dilly_ecumenical_altar_fadedgnrine, hangedman_decor_clover_reticule,
          minmay_misc_feat_tiny, chequers_serial_rivers_small_3,
          corexii_leaking_fountain
D:3:      layout_loops_ring, mainiacjoe_overflow_concentric_impassable
D:4:      layout_rooms, okawaru_ov_weapons_minmay, minmay_temple_entry_junction,
          hex_large, grunt_ministairs_5, nicolae_concentric_dashed_squares_mild
D:5:      layout_rooms, kennysheep_mini, ebering_ghost_sewer_f,
          serial_park_tiny_1, minmay_hollow_rounded_squares, uniq_menkaure
Temple:   minmay_temple_forest_path

Skill      XL: |  1  2  3  4  5  6 |
---------------+-------------------+-----
Stealth        | 3 4 |  4.3
Earth Magic    | 4 5 |  5.0
Spellcasting   | 3 4 |  4.5
Translocations | 1 |  1.0
Transmutations | 2 |  2.8
Short Blades   | 1 |  1.2
Fighting       | |  0.9
Dodging        | |  2.0
Unarmed Combat | |  0.1

Action                   |  1- 3 |  4- 6 |  7- 9 || total
-------------------------+-------+-------+-------++-------
Melee: Unarmed           |    14 |       |       ||    14
       Constrict         |    17 |    13 |     3 ||    33
       Tentacles         |    12 |    13 |     2 ||    27
       Dagger            |    33 |    48 |     5 ||    86
       Punch             |     2 |       |     1 ||     3
 Cast: Sandblast         |    36 |    46 |    27 ||   109
       Blink             |       |     3 |       ||     3
       Petrify           |       |       |     1 ||     1
  Use: Potion            |       |       |     3 ||     3
 Stab: Sleeping          |     7 |     8 |     1 ||    16
       Distracted        |       |       |     1 ||     1
Armor: Skin              |     4 |     4 |       ||     8
Dodge: Dodged            |    32 |    46 |    12 ||    90
